 Dungeon Crawl Stone Soup version 0.27.1-33-g824d729ab1 (webtiles) character file.

Game seed: 8063264376869340030

637 Holzbalken the Cudgeller (level 7, -4/50 HPs)
             Began as a Demonspawn Gladiator on Dec 7, 2021.
             Slain by a gnoll (9 damage)
             ... on level 5 of the Dungeon.
             The game lasted 00:10:50 (5620 turns).

Holzbalken the Cudgeller (Demonspawn Gladiator)     Turns: 5620, Time: 00:10:51

Health: -4/50      AC:  6    Str: 16    XL:     7   Next: 25%
Magic:  7/7        EV: 11    Int: 10    God:
Gold:   130        SH:  4    Dex: 14    Spells: 6/6 levels left

rFire    . . .     SeeInvis .   a - +1 flail
rCold    . . .     Faith    .   (no shield)
rNeg     . . .     Spirit   .   j - +1 ring mail
rPois    .         Reflect  .   (helmet restricted)
rElec    .         Harm     .   (no cloak)
rCorr    .         Rampage  .   (no gloves)
Will     .....                  (no boots)
Stlth    +.........             (no amulet)
HPRegen  0.16/turn              (no ring)
MPRegen  0.10/turn              (no ring)

@: no status effects
A: antennae 1, condensation shield
a: no special abilities


You were on level 5 of the Dungeon.
You visited 2 branches of the dungeon, and saw 6 of its levels.

You collected 130 gold pieces.

Inventory:

Hand Weapons
 a - a +1 flail (weapon)
Missiles
 d - 3 throwing nets (quivered)
 i - 76 stones
Armour
 b - a +0 leather armour
 c - a +0 helmet
 j - a +1 ring mail (worn)
Wands
 n - a wand of iceblast (8)
Scrolls
 e - 3 scrolls of enchant weapon
Potions
 f - 2 potions of curing {unknown}
 g - 2 potions of heal wounds {unknown}


   Skills:
 - Level 2.0 Fighting
 + Level 7.8 Maces & Flails
 - Level 1.7 Throwing
 - Level 2.6 Dodging


You had 6 spell levels left.
You didn't know any spells.
Your spell library contained the following spells:

 Spells                   Type           Power      Damage    Failure   Level
 Corpse Rot               Necr/Air       N/A        N/A       73%         2
 Poisonous Vapours        Pois/Air       0%         N/A       73%         2
 Freezing Cloud           Conj/Ice/Air   0%         6-21      100%        5


Dungeon Overview and Level Annotations

Branches:
Dungeon (5/15)             Temple (1/1) D:4

Altars:
Cheibriados
Dithmenos
Elyvilon
Fedhas
Gozag
Kikubaaqudgha
Makhleb
Nemelex Xobeh
Ru
Sif Muna
Trog
Uskayaw
Vehumet
Wu Jian
Yredelemnul
Zin
The Shining One


Innate Abilities, Weirdness & Mutations

You have a pair of small antennae on your head.
A meltable shield of frost defends you. (SH +4)


Message History

The gnoll hits you with a +0 club.
You hit the gnoll.
The gnoll is severely wounded.
The gnoll closely misses you.
You hit the gnoll.
The gnoll is almost dead.
The gnoll hits you with a +0 club.
You barely miss the gnoll.
The gnoll is almost dead.
You barely miss the gnoll shaman.
The gnoll shaman is lightly wounded.
You hit the gnoll shaman.
The gnoll shaman is lightly wounded.
You closely miss the gnoll shaman.
The gnoll shaman is lightly wounded.
The gnoll shaman barely misses you.
You sock the gnoll shaman!
The gnoll shaman is heavily wounded.
The gnoll shaman calls down the wrath of its god upon you.
You resist with some effort.
You sock the gnoll shaman!
You kill the gnoll shaman!
You barely miss the gnoll.
The gnoll is almost dead.
The gnoll closely misses you. You block the gnoll's attack.
You sock the gnoll!
You kill the gnoll!
The gnoll hits you from afar with a +0 halberd!
The gnoll hits you with a +0 halberd! The gnoll hits you but does no damage.
Items here: ))) ? [ ††.
You sock the gnoll!
The gnoll is severely wounded.
The gnoll hits you with a +0 halberd!
* * * LOW HITPOINT WARNING * * *
The gnoll hits you from afar with a +0 spear.
* * * LOW HITPOINT WARNING * * *
You hit the gnoll.
The gnoll is almost dead.
The gnoll hits you with a +0 halberd!
You die...

## .. # #. #.#.
#.#.# ....
#.#########..##
#...@ggg......#
##
#..####$.....$#
#. #..#
#.###.#.# #.
#..# #.# # #.
#..# #.. ##
#..#######
#.........
#########.######
#<........#


You could see 3 gnolls.

Vanquished Creatures
  An ogre (D:4)
  2 bullfrogs
  A water moccasin skeleton (D:4)
  A gnoll shaman (D:5)
  A hound (D:4)
  A centaur skeleton (D:4)
  An iguana (D:4)
  Ijyb (D:3)
  2 orc wizards (D:4)
  A hound skeleton (D:4)
  3 gnolls
  5 adders
  3 worms
  4 dart slugs
  8 orcs
  6 ball pythons
  8 endoplasms
  4 giant cockroaches
  9 hobgoblins
  6 jackals
  8 kobolds
  4 quokkas
  5 bats
  3 frilled lizards
  6 goblins
  4 rats
98 creatures vanquished.

Notes
Turn   | Place    | Note
-------+----------+-------------------------------------------
     0 | D:1      | Holzbalken the Demonspawn Gladiator began the quest for the
                  | Orb.
     0 | D:1      | Reached XP level 1. HP: 16/16 MP: 1/1
    92 | D:1      | Reached skill level 3 in Maces & Flails
   221 | D:1      | Gained mutation: You have a pair of small antennae on your
                  | head. [demonic ancestry]
   221 | D:1      | Reached XP level 2. HP: 21/22 MP: 2/2
   474 | D:1      | Reached XP level 3. HP: 27/27 MP: 3/3
   760 | D:1      | Reached skill level 4 in Maces & Flails
  1548 | D:2      | Found a sacrificial altar of Ru.
  1644 | D:2      | Reached XP level 4. HP: 20/32 MP: 4/4
  2473 | D:3      | Noticed a bullfrog
  2491 | D:3      | Killed a bullfrog
  2492 | D:3      | Reached skill level 5 in Maces & Flails
  2492 | D:3      | Reached XP level 5. HP: 24/38 MP: 5/5
  2889 | D:3      | Found a faded altar of an unknown god.
  3098 | D:3      | Noticed Ijyb
  3114 | D:3      | Killed Ijyb
  3627 | D:4      | Reached skill level 6 in Maces & Flails
  4018 | D:4      | Reached XP level 6. HP: 22/44 MP: 6/6
  4638 | D:4      | Found a staircase to the Ecumenical Temple.
  4648 | D:4      | Reached skill level 7 in Maces & Flails
  4656 | Temple   | Entered the Ecumenical Temple
  5456 | D:4      | Gained mutation: A meltable shield of frost defends you.
                  | (SH +4) [demonic ancestry]
  5456 | D:4      | Reached XP level 7. HP: 45/50 MP: 7/7
  5511 | D:5      | Entered Level 5 of the Dungeon
  5620 | D:5      | Slain by a gnoll

Illustrated notes

Levels and vault maps discovered:
D:1:      heliophobic_arrival_enchanted_forest, layout_rooms
D:2:      layout_basic, basic_altar
D:3:      minmay_evil_eye, layout_basic, ebering_ecumenical_altar_mist,
          roderic_serpentine_path, uniq_ijyb
D:4:      layout_basic, nicolae_tso_swordbearing_angel,
          minmay_temple_entry_arrows, chequers_serial_rivers_micro_b
D:5:      layout_basic, grunt_ministairs_12, uniq_blork_the_orc
Temple:   eino_temple_scatter_basement

Skill      XL: |  1  2  3  4  5  6 |
---------------+-------------------+-----
Maces & Flails | 3 4 5 6 7 |  7.8
Fighting       | |  2.0
Throwing       | |  1.7
Dodging        | |  2.6

Action                   |  1- 3 |  4- 6 |  7- 9 || total
-------------------------+-------+-------+-------++-------
Melee: Flail             |   155 |   214 |    19 ||   388
  Use: Scroll            |       |     7 |     2 ||     9
Armor: Leather armour    |    56 |       |       ||    56
       Ring mail         |       |    69 |     1 ||    70
Dodge: Dodged            |   131 |    99 |     9 ||   239
Block: Other             |       |       |     2 ||     2
